AoeStats
← Minox

Nomad

503132283Analyzed
4v4 RM · 1mo ago on Aug 30, 2026· 47m 32s· 8 players
Game mode
Random Map
Map size
231×231
Population
200
Speed
Normal
Resources
Standard
Victory
Conquest
Starting age
Dark Age
Ending age
Imperial Age
RankedLock teamsTeams togetherTeam positionsShared explorationLock speedFull tech treeHidden civsTurbo modeCheats
Victory
Defeat
🇦🇺 Huns · Australia
1141
+12
🇺🇸 Persians · United States
1138
+12
🇧🇷 Byzantines · Brazil
1127
+12
🇷🇴 Italians · Romania
1019
+17
🇨🇳 Cumans · China
1096
-16
🇨🇳 Khmer · China
1046
-13
🇫🇷 Armenians · France
1023
-12
🇭🇰 Franks · Hong Kong SAR China
1006
-12
Minox
8:36 Loom
14:38 Feudal Age
15:09 Double-Bit Axe
15:44 Horse Collar
17:21 Pikeman
18:47 Pikeman
22:05 Stone Mining
25:42 Castle Age
25:56 Wheelbarrow
26:03 Fletching
26:16 Padded Archer Armor
27:02 Gold Mining
28:21 Heavy Plow
30:44 Bodkin Arrow
33:23 Bow Saw
34:24 Leather Archer Armor
34:32 Ballistics
36:23 Scale Mail Armor
35:46 Halberdier
38:25 Hand Cart
39:11 Chain Mail Armor
41:36 Forging
45:12 Gold Shaft Mining
49:28 Imperial Age
T - T
5:04 Loom
13:27 Feudal Age
14:44 Man-at-Arms
16:52 Arson
32:54 Horse Collar
37:14 Castle Age
41:04 Imperial Age
38:49 Bloodlines
39:21 Forging
39:17 Scale Barding Armor
42:24 Iron Casting
午睡了吗
3:53 Loom
12:31 Feudal Age
14:56 Double-Bit Axe
18:23 Fletching
22:26 Wheelbarrow
25:39 Castle Age
24:16 Padded Archer Armor
24:07 Horse Collar
25:42 Crossbowman
26:22 Bodkin Arrow
27:35 Leather Archer Armor
33:08 Scale Barding Armor
36:52 Imperial Age
37:24 Ballistics
36:57 Arbalester
37:44 Bracer
38:54 Hand Cart
38:26 Pikeman
40:59 Ring Archer Armor
41:32 Conscription
41:58 Gold Mining
abbnn
5:16 Loom
16:23 Feudal Age
17:41 Wheelbarrow
16:52 Double-Bit Axe
21:43 Stone Mining
21:46 Gold Mining
24:19 Castle Age
25:51 Hand Cart
25:48 Bow Saw
30:33 Scale Mail Armor
30:44 Forging
30:39 Pikeman
32:37 Chain Mail Armor
42:46 Imperial Age
40:04 Town Watch
41:15 Iron Casting
FTP kykyrez
4:54 Loom
18:03 Feudal Age
19:44 Man-at-Arms
27:09 Wheelbarrow
28:34 Fishing Lines
31:14 Castle Age
30:17 Bloodlines
30:32 Scale Barding Armor
32:24 Double-Bit Axe
32:48 Husbandry
33:16 Forging
38:04 Hand Cart
40:22 Town Watch
40:42 Scale Mail Armor
40:41 Gillnets
44:14 Chain Barding Armor
44:20 Medium Warships
46:38 Padded Archer Armor
47:16 Fletching
48:00 Bow Saw
sagaz0022
4:48 Loom
15:19 Feudal Age
16:47 Double-Bit Axe
19:39 Gold Mining
22:20 Scale Barding Armor
22:27 Forging
22:15 Fishing Lines
24:37 Castle Age
28:54 Imperial Age
26:31 Husbandry
28:10 Chain Barding Armor
29:03 Cavalier
33:13 Wheelbarrow
34:54 Plate Barding Armor
34:19 Horse Collar
37:56 Gillnets
38:47 Stone Mining
42:08 Iron Casting
46:50 Gold Shaft Mining
dhawalkiran.g
3:38 Loom
14:56 Feudal Age
15:48 Double-Bit Axe
17:10 Fletching
17:21 Padded Archer Armor
21:39 Castle Age
22:31 Bow Saw
22:40 Medium Warships
22:56 Bodkin Arrow
23:17 Leather Archer Armor
26:57 Forging
26:53 Scale Barding Armor
28:51 Husbandry
29:03 Bloodlines
32:15 Imperial Age
32:27 Iron Casting
31:53 Scale Mail Armor
32:16 Chain Barding Armor
34:12 Blast Furnace
32:41 Cavalier
35:17 Plate Barding Armor
34:48 Savar
帝国大仲马
6:16 Loom
15:26 Feudal Age
21:25 Castle Age
22:23 Double-Bit Axe
25:35 Wheelbarrow
28:15 Hand Cart
28:12 Bow Saw
34:26 Imperial Age
31:43 Town Watch
38:26 Heavy Cavalry Archer
41:20 Parthian Tactics
42:12 Ballistics
45:27 Conscription
46:32 Chemistry
Connection lost

Rejoining the realm…

Still unreachable

The connection could not be restored.

Session expired

The server has moved on; the page needs a fresh start.